 Dungeon Crawl Stone Soup version 0.23.2-1-ga50397a6bc (webtiles) character file.

Game seed: 7680356639822226182

143 FluffierThanThou the Grave Robber (level 5, -2/36 HPs)
             Began as a Human Necromancer on May 25, 2019.
             Slain by a gnoll
             ... wielding a +0 antimagic spear
              (8 damage)
             ... on level 3 of the Dungeon on May 27, 2019.
             The game lasted 00:16:17 (3486 turns).

FluffierThanThou the Grave Robber (HuNe)            Turns: 3486, Time: 00:16:18

Health: -2/36      AC:  2    Str:  8    XL:     5   Next: 50%
Magic:  2/9        EV: 13    Int: 16    God:
Gold:   139        SH:  0    Dex: 14    Spells: 4/9 levels left

rFire    . . .     SeeInvis .   c - +0 hunting sling
rCold    . . .     Gourm    .   (no shield)
rNeg     . . .     Faith    .   a - +0 robe
rPois    .         Spirit   .   (no helmet)
rElec    .         Reflect  .   (no cloak)
rCorr    .         Harm     .   (no gloves)
MR       .....                  (no boots)
Stlth    ++........             (no amulet)
HPRegen  0.12/turn              (no ring)
MPRegen  0.11/turn              (no ring)

@: no status effects
A: no striking features
a: no special abilities


You were on level 3 of the Dungeon.
You were not hungry.

You visited 1 branch of the dungeon, and saw 3 of its levels.

You collected 139 gold pieces.

Inventory:

Hand Weapons
 c - a +0 hunting sling (weapon)
   (You found it on level 1 of the Dungeon)
Missiles
 d - 101 stones (quivered)
 l - 10 poisoned needles
Armour
 a - a +0 robe (worn)
Wands
 g - a wand of polymorph (5)
   (You took it off Ijyb on level 2 of the Dungeon)
Scrolls
 b - a scroll of random uselessness {unknown}
 h - a scroll of identify {unknown}
 j - a scroll of blinking {unknown}
 k - 3 scrolls of remove curse {unknown}
 m - a scroll of teleportation {unknown}
 o - a scroll of fog {unknown}
Potions
 f - a potion of ambrosia {unknown}
 i - a potion of mutation {unknown}
 n - a potion of resistance {unknown}
 p - 2 potions of heal wounds {unknown}
 q - 2 potions of might {unknown}
Comestibles
 e - 2 rations {!d}
 r - 3 chunks of flesh


   Skills:
 + Level 0.7 Fighting
 + Level 0.7 Slings
 + Level 2.8 Dodging
 + Level 3.0 Stealth
 + Level 2.8 Spellcasting
 + Level 0.9 Charms
 * Level 4.6 Necromancy


You had 4 spell levels left.
You knew the following spells:

 Your Spells              Type           Power        Failure   Level  Hunger
a - Pain                  Necr           ###.         2%          1    #......
b - Animate Skeleton      Necr           N/A          2%          1    #......
c - Regeneration          Chrm/Necr      ##........   19%         3    ###....

Your spell library contained the following spells:

 Spells                   Type           Power        Failure   Level  Hunger
 Vampiric Draining        Necr           ###.......   9%          3    ###....
 Animate Dead             Necr           N/A          28%         4    #####..


Dungeon Overview and Level Annotations

Branches:
Dungeon (3/15)

Altars:


Message History

Okay, then.
Okay, then.
You can't see any susceptible monsters within range! (Use Z to cast anyway.)
A worm comes into view.
The gnoll shouts!
You hear a shout!
Aim: a gnoll, wielding a +0 halberd (chance to defeat MR: 82%)
The gnoll writhes in agony.
A gnoll comes into view. It is wielding a +0 halberd.
Aim: a gnoll, wielding a +0 halberd (moderately wounded, chance to defeat MR: 82%)
The gnoll writhes in agony.
Aim: a gnoll, wielding a +0 halberd (heavily wounded, chance to defeat MR: 82%)
The gnoll writhes in agony.
The gnoll hits you from afar with a +0 halberd!
* * * LOW HITPOINT WARNING * * *
Aim: a gnoll, wielding a +0 halberd (severely wounded, chance to defeat MR: 82%)
The gnoll writhes in agony.
An ooze comes into view.
You swap places.
Your goblin skeleton hits the gnoll but does no damage.
Aim: a gnoll, wielding a +0 halberd (almost dead, chance to defeat MR: 82%)
The gnoll writhes in agony.
You kill the gnoll!
The gnoll hits your goblin skeleton but does no damage.
Your goblin skeleton hits the gnoll with a +0 club.
The gnoll hits your goblin skeleton with a +0 club.
Your goblin skeleton is destroyed!
Aim: a gnoll, wielding a +0 club (lightly wounded, chance to defeat MR: 82%)
The gnoll barely resists.
The gnoll hits you with a +0 club!
* * * LOW HITPOINT WARNING * * *
The gnoll misses you.
The gnoll hits you from afar with a +0 halberd.
* * * LOW HITPOINT WARNING * * *
The ooze jiggles.
A rat comes into view.
The gnoll misses you.
Found a stone staircase leading down.
Your skin crawls.
The gnoll closely misses you.
Your skin is crawling a little less now.
The gnoll barely misses you.
Your skin stops crawling.
The gnoll hits you with a +0 antimagic spear!
* * * LOW HITPOINT WARNING * * *
You feel your power leaking away.
The gnoll hits you with a +0 antimagic spear!
* * * LOW HITPOINT WARNING * * *
You feel your power leaking away. The gnoll closely misses you. x2
The gnoll hits you from afar with a +0 antimagic spear!
You die...

#g# #...g....# #.# #.....#..#
#.#####.....#..#
#########......g....#..#
#.........#####.....#..#
#.#####.....#########..# #.
#.g..............#
.###.#####gg..............#
........J.g.@...........#####
.......g##.####.....##g.....#
........##.#<...........###.#
.......J............g......>.
........##......#....g.......
........##.#.##.#.#..........
................# #.<........
........##.#.#. #.##.........
........##.#.#..#...........#


You could see 5 gnolls and an ooze.

Vanquished Creatures
  Ijyb (D:2)
  4 gnolls
  4 adders (D:2)
  An ooze (D:1)
  8 bats
  4 giant cockroaches
  4 hobgoblins (D:1)
  3 kobolds
  A ball python (D:1)
  6 goblins
  7 rats
43 creatures vanquished.

Vanquished Creatures (collateral kills)
  A hobgoblin (D:1)
  A rat (D:1)
2 creatures vanquished.

Grand Total: 45 creatures vanquished

Notes
Turn   | Place    | Note
-------+----------+-------------------------------------------
     0 | D:1      | FluffierThanThou the Human Necromancer began the quest for
                  | the Orb.
     0 | D:1      | Reached XP level 1. HP: 13/13 MP: 3/3
     2 | D:1      | Learned a level 1 spell: Animate Skeleton
   459 | D:1      | Reached XP level 2. HP: 5/19 MP: 1/5
  1004 | D:1      | Reached XP level 3. HP: 21/24 MP: 2/6
  1470 | D:2      | Reached XP level 4. HP: 28/30 MP: 4/7
  1892 | D:1      | Learned a level 3 spell: Regeneration
  2445 | D:2      | Reached XP level 5. HP: 32/36 MP: 3/9
  2657 | D:3      | Noticed Ijyb
  2709 | D:2      | Killed Ijyb
  3486 | D:3      | Slain by a gnoll

Skill      XL: |  1  2  3  4  5 |
---------------+----------------+-----
Stealth        | 3 |  3.0
Fighting       | |  0.7
Slings         | |  0.7
Dodging        | |  2.8
Spellcasting   | |  2.8
Charms         | |  0.9
Necromancy     | |  4.6

Action                   |  1- 3 |  4- 6 || total
-------------------------+-------+-------++-------
Melee: Unarmed           |     8 |     3 ||    11
 Fire: Hunting sling     |    14 |       ||    14
 Cast: Pain              |    36 |    78 ||   114
       Animate Skeleton  |     7 |     7 ||    14
       Regeneration      |       |     6 ||     6
  Eat: Chunk             |     2 |     1 ||     3
       Ration            |       |     2 ||     2
Armor: Robe              |    17 |     3 ||    20
Dodge: Dodged            |    25 |    35 ||    60
